 Dungeon Crawl Stone Soup version 0.21-a0-402-gcbae7d1 (webtiles) character file.

12548 Mitsuki the Blocker (level 11, -8/87 HPs)
             Began as a Hill Orc Fighter on Oct 26, 2017.
             Was a High Priest of Okawaru.
             Splashed by an acid dragon's acid (12 damage)
             ... on level 10 of the Dungeon.
             The game lasted 00:28:31 (14696 turns).

Mitsuki the Blocker (Hill Orc Fighter)             Turns: 14696, Time: 00:28:31

Health: -8/87      AC: 21    Str: 21    XL:     11   Next: 95%
Magic:  16/17      EV:  9    Int:  8    God:    Okawaru [*****.]
Gold:   734        SH: 11    Dex:  8    Spells: 10/10 levels left

rFire    + . .     SeeInvis .   j - +2 flail (holy)
rCold    . . .     Gourm    .   D - +3 warlock's mirror {reflect}
rNeg     . . .     Faith    .   B - +2 plate armour {rF+}
rPois    +         Spirit   .   (helmet restricted)
rElec    .         Reflect  +   (no cloak)
rCorr    .         Harm     .   (no gloves)
MR       .....                  h - +2 pair of boots {Fly}
Stlth    ..........             (no amulet)
HPRegen  0.00/turn              p - ring of poison resistance
MPRegen  0.15/turn              (no ring)

@: heroism, flying
A: antennae 1, blurry vision 2, clumsy 1, frail 1, mutation resistance 1,
screaming 1, inhibited regeneration, weak 1
a: Heroism, Finesse, Renounce Religion, Stop Flying


You were on level 10 of the Dungeon.
You worshipped Okawaru.
Okawaru was extremely pleased with you.
You were not hungry.

You visited 1 branch of the dungeon, and saw 10 of its levels.

You collected 734 gold pieces.

Inventory:

Hand Weapons
 j - a +2 flail of holy wrath (weapon)
Missiles
 k - a throwing net (quivered)
Armour
 h - a +2 pair of boots of flying (worn)
 B - a +2 plate armour of fire resistance (worn)
 D - the +3 warlock's mirror (worn) {reflect}
   (You found it on level 7 of the Dungeon)
Jewellery
 p - a ring of poison resistance (left hand)
 v - an uncursed ring of fire
 y - an uncursed ring of fire
 C - an uncursed ring of fire
Wands
 a - a wand of iceblast (14/15)
Scrolls
 b - a scroll of recharging
 g - a scroll of fear
 i - a scroll of immolation
 l - a scroll of enchant armour
 o - a scroll of magic mapping
 t - a scroll of teleportation {unknown}
 u - a scroll of remove curse
 E - a scroll of blinking {unknown}
Potions
 d - a potion of might
 e - 6 potions of curing
 m - a potion of heal wounds
 q - a potion of agility
 r - 2 potions of flight
 x - a potion of resistance
 G - a potion of berserk rage
Comestibles
 c - 3 fruits
 f - 12 bread rations
 n - 3 meat rations
 F - 2 royal jellies


   Skills:
 + Level 9.6(14.6) Fighting
 + Level 8.5(13.5) Maces & Flails
 + Level 8.9(13.9) Armour
 + Level 13.7(18.7) Shields
 + Level 9.3 Invocations


You had 10 spell levels left.
You didn't know any spells.

Dungeon Overview and Level Annotations

Branches:
Dungeon (10/15)            Temple (0/1) D:7             Orc (0/2) D:9
   Lair: D:8-11

Altars:
Ashenzari
Elyvilon
Hepliaklqana
Nemelex Xobeh
Okawaru
Qazlal
Sif Muna
Wu Jian
Zin
The Shining One

Shops:
D:5 %


Innate Abilities, Weirdness & Mutations

You have a pair of small antennae on your head.
Scrolls take you longer to read.
You are clumsy. (Dex -2)
You are frail. (-10% HP)
You are somewhat resistant to further mutation.
You occasionally shout uncontrollably at your foes.
You do not regenerate when monsters are visible.
You are weak. (Str -2)


Message History

You closely miss the acid dragon. The acid dragon spits acid at you.
The splash of acid hits you!
You are splashed with acid!
The acid burns!
* * * LOW HITPOINT WARNING * * *
You take 24 damage, and have 16/87 hp.
MASSIVE DAMAGE!!
You closely miss the acid dragon. You sock the acid dragon!
The acid dragon is moderately wounded.
The acid dragon bites you but does no damage.
You block the acid dragon's attack.
You hit the acid dragon but do no damage.
The acid dragon is moderately wounded.
You block the acid dragon's attack. The acid dragon barely misses you.
You barely miss the acid dragon.
The acid dragon is moderately wounded.
The acid dragon spits acid at you. The splash of acid hits you!
* * * LOW HITPOINT WARNING * * *
You are splashed with acid!
The acid burns!
You die...

#### ###
#..######.#####
#.###..)รท.....###
..[.....###.....#
### ......###
####tD####
##.####### .#.####
###@..###........#
..#####
####...###.###.#
##....# ####.####
#.# ####.## ## #.#
##!# #.# ### ##.#
#..#
###################
#######.####
.(...##...#...##..#
#...#...#..#


You could see a crocodile and an acid dragon.

Vanquished Creatures
  2 two-headed ogres
  2 guardian serpents (D:10)
  2 trolls
  Prince Ribbit (D:6)
  A hippogriff (D:10)
  2 wyverns (D:10)
  6 yaks
  2 hungry ghosts
  3 water moccasins
  8 orc warriors
  An ice beast (D:7)
  A black bear (D:10)
  2 sky beasts
  3 ogres
  2 phantoms
  A centaur (D:8)
  3 crocodiles (D:10)
  3 big kobolds
  7 bullfrogs
  2 scorpions (D:10)
  3 wights (D:8)
  A howler monkey (D:6)
  7 crimson imps
  3 centaur skeletons
  2 bullfrog zombies (D:6)
  3 bullfrog skeletons
  4 hounds
  A jelly (D:9)
  7 orc priests
  14 orc wizards
  3 iguanas
  Terence (D:3)
  9 worker ants
  A hound zombie (D:7)
  A hound skeleton (D:5)
  9 adders
  2 shadow imps
  An ooze (D:2)
  An adder skeleton (D:6)
  An adder zombie (D:6)
  3 worms
  4 dart slugs
  6 leopard geckos
  53 orcs
  7 bats
  3 giant cockroaches
  13 goblins
  9 hobgoblins
  10 jackals
  6 quokkas
  4 frilled lizards
  A jackal zombie (D:7)
  25 kobolds
  A leopard gecko skeleton (D:6)
  A quokka skeleton (D:4)
  11 rats
285 creatures vanquished.

Vanquished Creatures (others)
  An orc wizard (D:6)
1 creature vanquished.

Grand Total: 286 creatures vanquished

Notes
Turn   | Place    | Note
-------+----------+-------------------------------------------
     0 | D:1      | Mitsuki the Hill Orc Fighter began the quest for the Orb.
     0 | D:1      | Reached XP level 1. HP: 19/19 MP: 1/1
   140 | D:1      | Reached XP level 2. HP: 18/27 MP: 2/2
   754 | D:2      | Reached XP level 3. HP: 11/33 MP: 3/3
  1256 | D:2      | Found a stormy altar of Qazlal.
  1344 | D:2      | Found an iron altar of Okawaru.
  1352 | D:2      | Reached XP level 4. HP: 36/40 MP: 4/4
  1362 | D:2      | Reached skill level 4 in Shields
  1479 | D:2      | Became a worshipper of Warmaster Okawaru
  1564 | D:2      | Found a glowing silver altar of Zin.
  1565 | D:2      | Found a glowing golden altar of the Shining One.
  1566 | D:2      | Found a white marble altar of Elyvilon.
  1909 | D:3      | Noticed Terence
  1946 | D:3      | Killed Terence
  1946 | D:3      | Reached skill level 1 in Invocations
  1946 | D:3      | Reached XP level 5. HP: 36/47 MP: 5/5
  2902 | D:4      | Reached XP level 6. HP: 53/55 MP: 7/7
  3571 | D:5      | Entered Level 5 of the Dungeon
  3575 | D:5      | Noticed a phantom
  3603 | D:4      | Reached skill level 5 in Fighting
  3629 | D:4      | Killed a phantom
  3629 | D:4      | Reached * piety under Okawaru
  3632 | D:4      | Reached XP level 7. HP: 14/61 MP: 7/9
  3867 | D:5      | Found Cerrudghe's Food Boutique.
  3876 | D:5      | Reached skill level 5 in Shields
  3992 | D:5      | Reached skill level 5 in Armour
  4460 | D:5      | Reached ** piety under Okawaru
  4690 | D:5      | Reached XP level 8. HP: 66/70 MP: 11/11
  4943 | D:5      | Found an ornate altar of the Wu Jian Council.
  4960 | D:5      | Reached skill level 5 in Maces & Flails
  5182 | D:5      | Gained mutation: You are weak. (Str -2) [mutagenic meat]
  5184 | D:5      | Gained mutation: Scrolls take you a little longer to read. [mutagenic meat]
  5185 | D:5      | Gained mutation: You possess an exceptional clarity of mind. [mutagenic meat]
  5186 | D:5      | Gained mutation: You have a pair of small antennae on your head. [mutagenic meat]
  5187 | D:5      | Gained mutation: You do not regenerate when monsters are visible. [mutagenic meat]
  5592 | D:6      | Reached skill level 6 in Shields
  5592 | D:6      | Reached skill level 5 in Invocations
  5971 | D:6      | Reached *** piety under Okawaru
  6280 | D:6      | Noticed Prince Ribbit
  6284 | D:6      | Reached XP level 9. HP: 79/79 MP: 13/13
  6849 | D:6      | Killed Prince Ribbit
  7422 | D:6      | Noticed a two-headed ogre
  7433 | D:6      | Killed a two-headed ogre
  7433 | D:6      | Reached **** piety under Okawaru
  7433 | D:6      | Reached skill level 7 in Shields
  7660 | D:7      | Found a sparkling altar of Nemelex Xobeh.
  7660 | D:7      | Found a deep blue altar of Sif Muna.
  7742 | D:7      | Found the +3 warlock's mirror {reflect}
  8029 | D:7      | Found a staircase to the Ecumenical Temple.
  8357 | D:7      | Lost mutation: You possess an exceptional clarity of mind. [mutagenic meat]
  8358 | D:7      | Gained mutation: You are clumsy. (Dex -2) [mutagenic meat]
  8359 | D:7      | Gained mutation: Scrolls take you longer to read. [mutagenic meat]
  8410 | D:7      | Found a hazy altar of Hepliaklqana.
  8651 | D:8      | Reached XP level 10. HP: 85/88 MP: 15/15
  9242 | D:7      | Reached skill level 13 in Shields
  9242 | D:7      | Reached XP level 11. HP: 95/95 MP: 16/16
  9598 | D:8      | Reached ***** piety under Okawaru
 10458 | D:9      | Found a shattered altar of Ashenzari.
 11573 | D:9      | Found a staircase to the Orcish Mines.
 12464 | D:10     | Entered Level 10 of the Dungeon
 12666 | D:9      | Gained mutation: You are frail. (-10% HP) [mutagenic meat]
 12667 | D:9      | Gained mutation: You occasionally shout uncontrollably at your foes. [mutagenic meat]
 12669 | D:9      | Gained mutation: You are somewhat resistant to further mutation. [mutagenic meat]
 12972 | D:10     | Received a gift from Okawaru
 13648 | D:10     | Noticed a two-headed ogre
 13655 | D:10     | Killed a two-headed ogre
 14696 | D:10     | HP: 4/87 [acid dragon/splash of acid (12)]
 14696 | D:10     | Splashed by an acid dragon's acid

Vault maps used:
D:1:      dpeg_arrival_connections
D:2:      good_gods_temple_1, nicolae_qazlal_eye_of_the_storm,
          okawaru_altar_gauntlet_db, first_bread, serial_park_tiny_2,
          minmay_misc_feat_x, roderic_lattice_a, minmay_pentomino_p4
D:3:      uniq_terence
D:4:      serial_bayou_ford_a, lemuel_old_faithful
D:5:      marbit_many_paths, serial_shops, shop, minmay_misc_feat_roman
D:6:      grunt_potential, uniq_prince_ribbit1
D:7:      nicolae_overflow_hidden_temple, gammafunk_temple_overflow_wave,
          minmay_temple_entry_hall
D:9:      evilmike_ruin_ashenzari, david_orc_4
D:10:     nrook_guardian_serpent_snake_passage, erik_lair_dragon,
          grunt_ogre_cave

Skill      XL: |  1  2  3  4  5  6  7  8  9 10 11 |
---------------+----------------------------------+-----
Fighting       | 4 5 7 8 9 |  9.6
Maces & Flails | 3 4 5 7 8 |  8.5
Shields        | 4 5 6 7 13 | 13.7
Armour         | 4 5 6 7 8 |  8.9
Invocations    | 1 2 3 4 5 7 9 |  9.3

Action                   |  1- 3 |  4- 6 |  7- 9 | 10-12 || total
-------------------------+-------+-------+-------+-------++-------
Melee: Flail             |   138 |   168 |       |   510 ||   816
       Whip              |       |   123 |   714 |   112 ||   949
Invok: Heroism           |       |       |     1 |     2 ||     3
  Use: Potion            |     2 |       |       |     3 ||     5
       Scroll            |       |       |       |    16 ||    16
  Eat: Chunk             |     2 |     5 |    21 |    35 ||    63
       Meat ration       |       |     1 |       |       ||     1
       Royal jelly       |       |       |     1 |       ||     1
       Fruit             |       |       |       |     6 ||     6
Armor: Scale mail        |    20 |       |       |       ||    20
       Chain mail        |    94 |   142 |    57 |       ||   293
       Plate armour      |       |       |   211 |   247 ||   458
Dodge: Dodged            |    31 |    48 |    83 |   110 ||   272
Block: Shield            |    98 |   141 |   338 |   179 ||   756
       Buckler           |       |       |       |   160 ||   160
       Reflection        |       |       |       |     7 ||     7

Table legend:
 A = Spawn XP
 B = Non-spawn XP
 C = Spawn XP percentage of total XP
 D = Spawn monster count
 E = Non-spawn monster count
 F = Spawn count percentage of total count
 G = Total turns spent on level
                    A         B        C        D         E        F      G
               +---------+---------+-------+---------+---------+-------+---------
         Total |       0 |   12876 |   0.0 |       0 |     286 |   0.0 | 14696
               +---------+---------+-------+---------+---------+-------+---------
           D:1 |       0 |      26 |   0.0 |       0 |      17 |   0.0 |   935
           D:2 |       0 |      87 |   0.0 |       0 |      34 |   0.0 |   838
           D:3 |       0 |     109 |   0.0 |       0 |      28 |   0.0 |   695
           D:4 |       0 |     397 |   0.0 |       0 |      13 |   0.0 |  1620
           D:5 |       0 |     841 |   0.0 |       0 |      30 |   0.0 |  1504
           D:6 |       0 |    2505 |   0.0 |       0 |      44 |   0.0 |  2058
           D:7 |       0 |     665 |   0.0 |       0 |      17 |   0.0 |  1067
           D:8 |       0 |    1992 |   0.0 |       0 |      33 |   0.0 |  2045
           D:9 |       0 |    2457 |   0.0 |       0 |      38 |   0.0 |  2148
          D:10 |       0 |    3797 |   0.0 |       0 |      32 |   0.0 |  1786
               +---------+---------+-------+---------+---------+-------+---------
